 Dungeon Crawl Stone Soup version 0.13.2 (webtiles) character file.

350 sanboga the Covered (level 5, -4/46 HPs)
             Began as a Minotaur Fighter on Feb 21, 2017.
             Slain by an orc
             ... wielding a +1,+0 orcish hand axe
              (5 damage)
             ... while paralysed by a giant eyeball
             ... on Level 4 of the Dungeon.
             The game lasted 00:13:03 (2339 turns).

sanboga the Covered (Minotaur Fighter)              Turns: 2339, Time: 00:13:03

HP  -4/46        AC  7     Str 20      XL: 5   Next: 11%
MP   1/1         EV  2     Int  5      God:
Gold 198         SH  0     Dex 11      Spells:  0 memorised,  4 levels left

Res.Fire  : . . .   See Invis. : .   b - +2 quarterstaff (chaos)
Res.Cold  : . . .   Warding    : +   w - -1 ring mail (curse)
Life Prot.: + . .   Conserve   : .   (no shield)
Res.Poison: .       Res.Corr.  : .   (helmet restricted)
Res.Elec. : .       Clarity    : .   x - +0 cloak
Sust.Abil.: . .     Spirit.Shd : .   (no gloves)
Res.Mut.  : .       Stasis     : .   e - +0 pair of boots
Res.Rott. : .       Flight     : .   t - amulet of warding {unknown}
Saprovore : . . .                    (no ring)
                                     (no ring)

@: paralysed, slowed, slightly resistant to hostile enchantments, extremely
unstealthy
A: retaliatory headbutt, horns 2
a: no special abilities


You were on level 4 of the Dungeon.
You were not hungry.

You visited 1 branch of the dungeon, and saw 4 of its levels.

You collected 178 gold pieces.

Inventory:

Hand weapons
 a - a +0,+0 hand axe {=f}
 b - a +2,+2 quarterstaff of chaos (weapon)
Missiles
 i - 3 poisoned darts (quivered)
 s - 14 darts of flame
Armour
 c - a +0 shield
 e - a +0 pair of boots (worn)
 w - a cursed -1 ring mail (worn)
 x - a +0 cloak (worn)
Magical devices
 f - a wand of random effects (5) {unknown}
 r - a wand of magic darts (4)
Comestibles
 d - 2 bread rations
 n - a pear
 p - 2 meat rations
Scrolls
 g - a scroll of curse jewellery {unknown}
 j - 2 scrolls of teleportation {unknown}
 m - a scroll of random uselessness {unknown}
 o - a scroll of enchant armour {unknown}
 q - a scroll of magic mapping {unknown}
 v - a scroll of noise {unknown}
Jewellery
 t - an amulet of warding (around neck) {unknown}
Potions
 h - a potion of restore abilities {unknown}
 k - a potion of brilliance {unknown}
 l - a potion of curing {unknown}
 u - a potion of mutation {unknown}


   Skills:
 + Level 4.1 Fighting
 + Level 3.2 Axes
 + Level 1.2 Throwing
 + Level 4.7 Armour
 + Level 2.1 Dodging
 + Level 0.1 Stealth
   Level 4.4 Shields


You had 4 spell levels left.
You didn't know any spells.

Dungeon Overview and Level Annotations

Branches:
Dungeon (4/27)
 Temple: D:4-7

Altars:
Vehumet
Xom


Innate Abilities, Weirdness & Mutations

You reflexively headbutt those who attack you in melee.
You have a pair of horns on your head.


Message History

The orc wizard closely misses you. The kobold hits you with a club.
The orc barely misses you. The kobold skeleton barely misses you.
The giant eyeball stares at you.
You suddenly lose the ability to move!
The orc wizard hits you but does no damage.
The orc hits you but does no damage. The kobold hits you with a club.
* * * LOW HITPOINT WARNING * * *
The orc wizard gestures at you while chanting.
The magic dart hits you!
* * * LOW HITPOINT WARNING * * *
The kobold skeleton hits you.
* * * LOW HITPOINT WARNING * * *
The orc wizard hits you but does no damage.
The orc barely misses you. The kobold hits you but does no damage.
The kobold skeleton barely misses you. The orc wizard casts a spell at you.
You feel yourself slow down.
The orc wizard hits you with an orcish dagger.
* * * LOW HITPOINT WARNING * * *
The orc hits you with an orcish hand axe.
You die...

... ##'## ......
##.# ......# #.##
.......# ##.#
........# #.##
........# ##.##
.....$..# #...##
.......oo#### #....#
.?.(...G@)..# #'..'#
........zK..###....#
###########..##...#
#......## #.<#####
#..# #..# ...# .....


You could see a giant eyeball, an orc wizard, an orc, a kobold and a kobold
skeleton.

Vanquished Creatures
  Crazy Yiuf (D:4)
  6 adders
  A worm (D:2)
  3 giant geckos
  An ooze (D:3)
  4 orcs
  A ball python (D:1)
  A giant cockroach (D:1)
  5 goblins
  9 hobgoblins
  A quokka (D:3)
  6 bats
  3 giant newts
  4 jackals (D:1)
  4 kobolds
  9 rats
  6 butterflies (D:3)
65 creatures vanquished.

Notes
Turn   | Place    | Note
--------------------------------------------------------------
     0 | D:1      | sanboga, the Minotaur Fighter, began the quest for the Orb.
     0 | D:1      | Reached XP level 1. HP: 19/19 MP: 0/0
   211 | D:1      | Reached XP level 2. HP: 26/26 MP: 0/0
   217 | D:1      | Reached skill level 4 in Armour
   857 | D:2      | Reached XP level 3. HP: 33/33 MP: 1/1
   884 | D:2      | Reached skill level 1 in Dodging
   961 | D:2      | Reached XP level 4. HP: 25/40 MP: 1/1
  1743 | D:3      | Reached skill level 1 in Throwing
  1755 | D:3      | Found a shimmering altar of Xom.
  1802 | D:3      | Found a radiant altar of Vehumet.
  2277 | D:4      | Noticed Crazy Yiuf
  2287 | D:4      | Killed Crazy Yiuf
  2287 | D:4      | Reached XP level 5. HP: 23/46 MP: 1/1
  2330 | D:4      | Paralysed by a giant eyeball for 2 turns
  2336 | D:4      | Paralysed by a giant eyeball for 4 turns
  2339 | D:4      | HP: 1/46 [orc wizard/orcish dagger (4)]
  2339 | D:4      | Slain by an orc

Action                   |  1- 3 |  4- 6 || total
-------------------------+-------+-------++-------
Melee: Hand axe          |    61 |    68 ||   129
       Quarterstaff      |       |     6 ||     6
Throw: Dart              |     7 |    37 ||    44
Evoke: Wand              |       |     1 ||     1
  Use: Scroll            |       |     1 ||     1
